Map: Dusk Towers

Players

KrasaucheGG - Winner!

  • Race: Terran Terran
  • League: Master

aling

  • Race: Terran Terran
  • League: Master

VOD

Have the link to the VOD?

Description

Time

  • Played on: June 27, 2016, 5:04 a.m.
  • Length: 10:51
Show
View Real Time Build Order
Export as new Build Order

KrasaucheGG Terran - Winner!

Build Orders: Reaper Expand, MMM Bio 

Get SALT Encoding   

  12  0:01  SCV  
  13  0:13  SCV  
  14  0:17  Supply Depot  
  14  0:25  SCV  
  15  0:38  SCV  
  15  0:41  Barracks  
  16  0:43  Refinery  
  16  0:50  SCV  
  17  1:03  SCV  
  18  1:15  SCV  
  19  1:28  Reaper, Orbital Command  
  20  1:44  Command Center  
  20  1:53  Supply Depot  
  20  1:54  SCV  
  21  2:00  Marine  
  22  2:08  Factory  
  22  2:12  SCV  
  23  2:16  Refinery  
  23  2:18  Marine  
  24  2:24  SCV  
  25  2:36  SCV  
  26  2:38  Bunker  
  26  2:44  Marine  
  26  2:48  SCV  
  30  2:51  Hellion  
  30  2:52  Starport  
  30  3:00  Orbital Command  
  30  3:05  Barracks Tech Lab  
  30  3:18  Hellion  
  30  3:19  SCV  
  33  3:25  Stimpack  
  34  3:27  SCV  
  34  3:31  SCV  
  38  3:39  SCV  
  39  3:44  SCV  
  39  3:45  Marine  
  39  3:47  Engineering Bay  
  41  3:49  Factory Tech Lab  
  41  3:51  SCV  
  42  3:56  SCV  
  42  3:59  Supply Depot  
  43  4:03  SCV  
  43  4:08  Siege Tank  
  44  4:14  SCV, Barracks  
  44  4:16  Supply Depot, Terran Infantry Weapons Level 1, Barracks  
  45  4:19  Starport Reactor  
  45  4:24  SCV  
  46  4:26  SCV  
  46  4:30  Marine  
  46  4:36  SCV  
  48  4:38  SCV  
  48  4:39  Refinery  
  48  4:40  Siege Tank  
  51  4:48  Marine  
  51  4:51  SCV  
  53  4:56  Medivac  
  54  5:00  Medivac  
  54  5:02  SCV  
  54  5:03  SCV  
  54  5:05  Marine  
  54  5:06  Marine  
  61  5:07  Command Center  
  61  5:10  Barracks Reactor  
  60  5:15  SCV x2  
  60  5:23  Marine  
  60  5:27  SCV  
  62  5:28  Barracks Tech Lab  
  62  5:35  Supply Depot  
  62  5:36  Supply Depot  
  62  5:37  Missile Turret  
  62  5:40  Medivac x2, SCV x2  
  62  5:42  Refinery  
  68  5:46  Marine  
  69  5:54  Barracks  
  69  5:55  Barracks  
  69  5:56  Supply Depot, Combat Shields  
  73  5:57  Marauder x2  
  72  6:06  Marine  
  72  6:09  Marine  
  72  6:10  SCV  
  75  6:16  Siege Tank  
  82  6:18  Marauder x2  
  82  6:24  Marine  
  82  6:25  SCV x2  
  85  6:26  Orbital Command  
  85  6:30  Terran Infantry Armor Level 1  
  85  6:32  Marine  
  86  6:37  SCV  
  86  6:39  Supply Depot  
  87  6:42  Starport Reactor  
  87  6:43  Barracks Tech Lab  
  87  6:45  SCV  
  88  6:47  Marauder, Marine  
  88  6:49  SCV  
  88  6:50  Marauder  
  94  6:54  Siege Tank  
  94  6:55  Marine  
  94  6:57  SCV  
  94  7:08  Marine x2  
  94  7:09  Marauder x2  
  94  7:13  Marine  
  94  7:14  Marauder, Marine  
  94  7:15  Orbital Command  
  95  7:18  SCV  
  95  7:19  SCV  
  95  7:26  Marine x2  
  84  7:30  Marauder, Marine  
  84  7:31  Marine  
  84  7:32  Armory  
  84  7:33  Marine  
  84  7:34  Engineering Bay  
  84  7:35  Marine  
  88  7:37  SCV x2  
  90  7:44  Marine x2  
  90  7:45  Siege Tank  
  90  7:47  Medivac x2  
  99  7:55  Marine  
  99  7:56  Marauder, Marine x3  
  105  8:02  Marine x2  
  105  8:04  SCV x2  
  101  8:11  SCV  
  99  8:13  Marine, Refinery  
  99  8:14  Refinery  
  99  8:15  Marine x2  
  99  8:16  SCV  
  99  8:17  SCV, Marine x2, Medivac  
  105  8:26  Marine x2  
  101  8:29  Medivac  
  101  8:33  Marine x2  
  101  8:34  Marauder  
  102  8:35  Marine  
  102  8:36  Marauder  
  105  8:44  Marine x2  
  103  8:51  Marine x2  
  103  8:53  Marauder  
  103  8:57  Marine x2  
  103  9:01  Siege Tank  
  108  9:04  SCV x2  
  108  9:05  SCV  
  108  9:08  Marine  
  112  9:15  Marauder, Marine x2  
  112  9:16  SCV  
  117  9:21  Marine  
  117  9:23  Marauder x2  
  116  9:26  Marine  
  111  9:33  Marine x2  
  111  9:36  Marine  
  112  9:39  Marine  
  112  9:44  Marine x2  
  112  9:45  Marauder  
  112  9:50  Command Center  
  112  9:51  Marine x2  
  114  9:53  Marine  
  114  9:57  Marine  
  114  9:59  Command Center  
  116  10:02  Marine  
  116  10:05  Marine  
  116  10:06  Marine  
  113  10:09  Marine x2  
  113  10:12  Supply Depot, Marauder  
  113  10:13  Supply Depot  
  113  10:14  Barracks  
  113  10:15  Marine, Siege Tank, Barracks  
  117  10:28  Supply Depot x2  
  117  10:29  Marauder x2, Marine x2  
  117  10:33  Marine x2  
Show
View Real Time Build Order
Export as new Build Order

aling Terran 

Build Orders: 1/1/1, Mech 

Get SALT Encoding   

  12  0:00  SCV  
  13  0:13  SCV  
  14  0:17  Supply Depot  
  14  0:25  SCV  
  14  0:28  Refinery  
  15  0:39  SCV  
  16  0:44  Barracks  
  16  0:51  SCV  
  16  0:56  Refinery  
  17  1:03  SCV  
  18  1:15  SCV  
  19  1:32  Orbital Command  
  19  1:33  Reaper  
  19  1:36  Factory  
  20  1:45  Supply Depot  
  20  1:58  SCV  
  21  2:05  Reaper  
  22  2:10  SCV  
  23  2:19  Hellion  
  23  2:21  Starport  
  23  2:22  SCV  
  26  2:34  SCV  
  27  2:38  Supply Depot  
  27  2:41  Hellion  
  30  2:46  SCV  
  31  3:00  SCV, Viking  
  31  3:05  Factory Tech Lab  
  34  3:06  Barracks Reactor  
  33  3:14  SCV  
  34  3:24  Command Center  
  34  3:26  SCV  
  35  3:41  Supply Depot  
  35  3:46  Raven  
  37  3:49  SCV  
  38  4:02  SCV, Widow Mine x2  
  43  4:10  Barracks Reactor  
  43  4:12  Factory  
  43  4:17  Command Center  
  43  4:20  SCV  
  44  4:38  SCV, Orbital Command  
  44  4:41  Hellion x2  
  49  4:49  Armory  
  49  4:59  Viking x2  
  53  5:03  SCV  
  54  5:08  SCV  
  54  5:11  Siege Tank  
  58  5:15  SCV  
  59  5:22  Supply Depot  
  59  5:26  SCV  
  60  5:29  Factory  
  60  5:38  SCV  
  60  5:39  Orbital Command  
  60  5:42  Terran Vehicle Weapons Level 1  
  61  5:48  SCV  
  62  5:50  SCV  
  62  5:52  Supply Depot x2, Engineering Bay  
  62  5:56  Refinery x2  
  63  6:01  Siege Tank  
  63  6:03  SCV x2  
  68  6:05  SCV  
  68  6:10  Hellion  
  69  6:13  Hellion  
  69  6:15  SCV x2  
  73  6:20  Supply Depot  
  73  6:23  Missile Turret  
  73  6:28  Missile Turret  
  73  6:29  SCV x2  
  73  6:32  Factory Tech Lab  
  75  6:33  Siege Tank  
  75  6:35  SCV  
  79  6:41  SCV, Missile Turret  
  79  6:44  Missile Turret  
  80  6:48  Viking x2  
  80  6:54  Supply Depot  
  84  6:55  Siege Tank  
  87  7:04  Hellbat  
  87  7:06  Siege Tank  
  84  7:09  Hellbat  
  65  7:25  Hellbat  
  65  7:27  Siege Tank  
  65  7:30  Hellbat  
  65  7:31  SCV x2  
  69  7:38  SCV, Hellbat  
  69  7:43  SCV  
  73  7:47  Hellbat  
  73  7:48  Infernal Pre-Igniter  
  75  7:51  Missile Turret  
  75  7:52  SCV, Missile Turret  
  75  7:54  SCV  
  68  8:08  SCV x2  
  68  8:12  Siege Tank x2  
  77  8:13  Hellion x2  
  77  8:15  Hellion x2  
  72  8:24  SCV x2  
  71  8:34  Hellbat x2  
  65  8:44  SCV x2, Siege Tank x2  
  75  8:55  Hellbat x2  
  75  8:59  SCV  
  75  9:00  SCV  
  75  9:16  Siege Tank  
  82  9:17  Hellion x3  
  61  9:35  Viking  
  61  9:38  Hellion, Hellbat x2  
  69  9:40  SCV x2  
  69  9:45  Viking  
  73  9:48  Orbital Command, Siege Tank  
  71  9:58  SCV x2  
  71  9:59  Siege Tank, Hellbat  
  80  10:00  Hellbat  
  80  10:03  Factory  
  80  10:04  Factory  
Tags
 
Add a new tag
Caveats
  • Supply blocks, unpowered buildings, or Contaminate may cause inaccurate times.
  • Supply counts are checked every 10 seconds.